Map: Chantier naval orbital

Players

Forest - Winner!

  • Race: Protoss Protoss

AgCl

  • Race: Protoss Protoss

VOD

Have the link to the VOD?

Description

Time

  • Played on: May 5, 2015, 6:55 a.m.
  • Length: 4:02
Show
View Real Time Build Order
Export as new Build Order

Forest Protoss - Winner!

Build Orders:  

Get SALT Encoding   

  12  0:01  Probe  
  13  0:15  Pylon  
  13  0:19  Probe  
  14  0:35  Gateway  
  14  0:40  Assimilator  
  14  0:41  Probe (Chrono Boost)  
  16  0:51  Probe (Chrono Boost)  
  16  0:54  Pylon  
  16  1:13  Gateway  
  16  1:21  Gateway  
  16  1:28  Cybernetics Core  
  16  1:31  Probe (Chrono Boost)  
  17  1:41  Assimilator  
  17  1:48  Probe  
  20  2:03  Zealot (Chrono Boost)  
  22  2:11  Stalker (Chrono Boost)  
  22  2:22  Adept (Chrono Boost)  
  24  2:30  Zealot  
  25  2:47  Adept (Chrono Boost)  
  23  3:57  Stargate  
  23  3:58  Pylon  
Show
View Real Time Build Order
Export as new Build Order

AgCl Protoss 

Build Orders: Nexus First 

Get SALT Encoding   

  12  0:03  Probe  
  13  0:15  Probe  
  14  0:23  Pylon  
  14  0:41  Probe (Chrono Boost)  
  16  0:51  Probe (Chrono Boost)  
  16  0:57  Nexus  
  16  1:00  Probe  
  17  1:12  Gateway  
  17  1:14  Probe (Chrono Boost)  
  18  1:24  Assimilator  
  18  1:26  Probe (Chrono Boost)  
  19  1:35  Probe (Chrono Boost)  
  19  1:38  Assimilator  
  20  1:40  Pylon  
  20  1:43  Probe  
  21  1:55  Probe (Chrono Boost)  
  22  2:07  Cybernetics Core, Probe (Chrono Boost)  
  23  2:11  Probe (Chrono Boost)  
  25  2:18  Probe x2 (Chrono Boost)  
  26  2:24  Probe  
  26  2:26  Probe  
  28  2:37  Probe  
  28  2:38  Probe  
  28  2:40  Zealot  
  23  2:55  Mothership Core (Chrono Boost)  
  9  3:32  Probe (Chrono Boost)  
Tags
 
Add a new tag
Caveats
  • Supply blocks, unpowered buildings, or Contaminate may cause inaccurate times.
  • Supply counts are checked every 10 seconds.